 Dungeon Sprint DCSS version 0.28-a0-224-g76b539d98b (webtiles) character file.

Game seed: 17226607012341384173

1406 tbh1313 the Basher (level 8, 0/80 HPs)
             Began as a Troll Berserker on Aug 22, 2021.
             Was a High Priest of Trog.
             Slain by a two-headed ogre (20 damage)
             ... in the Dungeon (Sprint III: "The Ten Rune Challenge").
             The game lasted 00:03:19 (380 turns).

tbh1313 the Basher (Troll Berserker)                 Turns: 380, Time: 00:03:20

Health: 0/80       AC:  4    Str: 27    XL:     8   Next: 42%
Magic:  7/7        EV: 10    Int:  4    God:    Trog [*****.]
Gold:   48         SH:  0    Dex:  9    Spells: 7/7 levels left

rFire   . . .      SeeInvis .   i - +6 club (spect)
rCold   . . .      Faith    .   (no shield)
rNeg    . . .      Spirit   .   b - +0 animal skin
rPois   .          Reflect  .   (helmet restricted)
rElec   .          Harm     .   (no cloak)
rCorr   .          Rampage  .   (gloves unavailable)
Will    .....      NoTele   +   (boots unavailable)
Stlth   +.........              (no amulet)
HPRegen 1.23/turn               (no ring)
MPRegen 0.10/turn               (no ring)

@: no status effects
A: large, unfitting armour, claws 3, regeneration 1, shaggy fur 1, tough skin 1
a: Renounce Religion, Berserk, Trog's Hand, Brothers in Arms


You were in the Dungeon.
You worshipped Trog.
Trog was extremely pleased with you.
You visited 1 branch You collected 48 gold pieces.

Inventory:

Hand Weapons
 a - a +0 hand axe
 i - a +6 spectral club (weapon)
Armour
 b - a +0 animal skin (worn)
Scrolls
 h - a scroll of blinking
 j - a scroll of holy word
 k - a scroll of fear
Potions
 c - 4 potions of curing
 d - 2 potions of mutation
 e - 2 potions of haste
 f - 2 potions of magic
 g - a potion of berserk rage
 l - a potion of might
 m - a potion of flight
Miscellaneous
 n - a piece from Xom's chessboard (15/15)


   Skills:
 + Level 5.0 Fighting
 - Level 5.5(9.9) Axes
 - Level 13.5(14.0) Maces & Flails
 + Level 4.2 Armour
 + Level 5.0 Dodging


You had 7 spell levels left.
You didn't know any spells.
Your spell library contained the following spells:

 Spells                   Type           Power      Damage    Failure   Level
 Tukima's Dance           Hex            0%         N/A       86%         3
 Passage of Golubria      Tloc           N/A        N/A       99%         4
 Yara's Violent Unravell  Hex/Tmut       0%         3d3       100%        5


Dungeon Overview and Level Annotations

Branches:
Dungeon (1/1)

Altars:
Cheibriados
Dithmenos
Elyvilon
Fedhas
Gozag
Hepliaklqana
Kikubaaqudgha
Makhleb
Nemelex Xobeh
Okawaru
Qazlal
Ru
Sif Muna
Trog
Uskayaw
Vehumet
Wu Jian
Xom
Yredelemnul
Zin
The Shining One
Beogh
Jiyva
Lugonu


Innate Abilities, Weirdness & Mutations

You are too large for most types of armour.
You have claws for hands.
Your natural rate of healing is unusually fast.
You are covered in fur. (AC +1)
You have tough skin. (AC +1)


Message History

A two-headed ogre comes into view.
It is wielding two +0 giant spiked clubs.
The helpless two-headed ogre fails to defend itself.
You hit the two-headed ogre.
The two-headed ogre is lightly wounded.
The two-headed ogre closely misses you.
The two-headed ogre hits you with a +0 giant spiked club!
You barely miss the two-headed ogre.
The two-headed ogre is lightly wounded.
You hit the two-headed ogre.
The two-headed ogre is moderately wounded.
The two-headed ogre closely misses you.
The two-headed ogre hits you but does no damage.
You barely miss the two-headed ogre.
The two-headed ogre is moderately wounded.
You thump the two-headed ogre!
The two-headed ogre is heavily wounded.
The two-headed ogre closely misses you.
The two-headed ogre hits you with a +0 giant spiked club!!
You sock the two-headed ogre!
The two-headed ogre is severely wounded.
You hit the two-headed ogre but do no damage.
The two-headed ogre is severely wounded.
The two-headed ogre barely misses you.
The two-headed ogre hits you with a +0 giant spiked club!
You hit the two-headed ogre.
The two-headed ogre is almost dead.
You barely miss the two-headed ogre.
The two-headed ogre is almost dead.
The two-headed ogre barely misses you. x2
You hit the two-headed ogre but do no damage.
The two-headed ogre is almost dead.
You barely miss the two-headed ogre.
The two-headed ogre is almost dead.
The two-headed ogre completely misses you.
The two-headed ogre hits you with a +0 giant spiked club!!
* * * LOW HITPOINT WARNING * * *
You hit the two-headed ogre.
The two-headed ogre is almost dead.
The two-headed ogre hits you with a +0 giant spiked club!!
You die...

###########
___#___#__#
.).#__.#)_#
##'#'###'##
..........#
.⌠........#
...######'#
.⌠.#__#...#+########
...#__#...#..).#@#.#
'###__#...##.#..#O#
.).#__#...'##)#.#.#
___#__'...#...#..#.
▓▓▓▓▓▓▓▓▓▓▓▓▓▓▓▓▓▓▓▓


You could see a two-headed ogre.

Levels and vault maps discovered:
D:        dungeon_sprint_mu [sprint_mu_entry_cave, sprint_mu_temple_rooms,
          sprint_mu_d1_spiders, sprint_mu_d2_genie, sprint_mu_d3_branching,
          sprint_mu_orc_legion, sprint_mu_elf_gauntlet, sprint_mu_hive_nellie,
          sprint_mu_lair_fedhas, sprint_mu_vaults_butterflies,
          sprint_mu_slime_circle, sprint_mu_shoals_archi,
          sprint_mu_snake_twists, sprint_mu_blade_basic,
          sprint_mu_crypt_fortress, sprint_mu_tomb_spiral,
          sprint_mu_vestibule_basic, sprint_mu_gehenna_hellfire,
          sprint_mu_dis_giant, sprint_mu_tartarus_statrot,
          sprint_mu_cocytus_islands, sprint_mu_zot1]

Notes
Turn   | Place    | Note
-------+----------+-------------------------------------------
     0 | D        | tbh1313 the Troll Berserker began the quest for the Orb.
     0 | D        | Reached XP level 1. HP: 22/22 MP: 0/0
    27 | D        | Reached ** piety under Trog
    29 | D        | Noticed Jessica
    41 | D        | Killed Jessica
    42 | D        | Reached skill level 5 in Axes
    42 | D        | Reached XP level 2. HP: 24/29 MP: 1/1
    55 | D        | Noticed a scorpion
    79 | D        | Reached skill level 2 in Maces & Flails
    79 | D        | Reached XP level 3. HP: 10/36 MP: 2/2
    79 | D        | Killed a scorpion
    79 | D        | Reached *** piety under Trog
    80 | D        | Reached skill level 6 in Maces & Flails
    80 | D        | Reached XP level 4. HP: 14/44 MP: 3/3
   125 | D        | Noticed a water elemental
   132 | D        | Killed a water elemental
   133 | D        | Reached skill level 8 in Maces & Flails
   133 | D        | Reached XP level 5. HP: 50/50 MP: 4/4
   137 | D        | Found a glowing silver altar of Zin.
   137 | D        | Found a glowing golden altar of the Shining One.
   137 | D        | Found a white marble altar of Elyvilon.
   138 | D        | Noticed a deep elf pyromancer
   145 | D        | Noticed a fire elemental
   145 | D        | Noticed a fire elemental
   145 | D        | Killed a deep elf pyromancer
   146 | D        | Reached skill level 12 in Maces & Flails
   146 | D        | Reached XP level 6. HP: 39/59 MP: 5/5
   146 | D        | Reached XP level 7. HP: 43/66 MP: 6/6
   181 | D        | Found a radiant altar of Vehumet.
   181 | D        | Found a shimmering blue altar of Sif Muna.
   181 | D        | Found an ancient bone altar of Kikubaaqudgha.
   184 | D        | Reached **** piety under Trog
   202 | D        | Found a hide-covered altar of Uskayaw.
   202 | D        | Found an iron altar of Okawaru.
   202 | D        | Found a bloodstained altar of Trog.
   202 | D        | Found an ornate altar of the Wu Jian Council.
   202 | D        | Noticed a human
   203 | D        | Noticed a human
   206 | D        | Killed a human
   207 | D        | Reached skill level 13 in Maces & Flails
   211 | D        | Killed a human
   212 | D        | Reached skill level 1 in Armour
   227 | D        | Found a basalt altar of Yredelemnul.
   227 | D        | Found a shadowy altar of Dithmenos.
   227 | D        | Found a sacrificial altar of Ru.
   230 | D        | Reached ***** piety under Trog
   242 | D        | Noticed a shadow
   248 | D        | Reached XP level 8. HP: 52/78 MP: 7/7
   273 | D        | Found a blossoming altar of Fedhas.
   273 | D        | Found a stormy altar of Qazlal.
   274 | D        | Found a snail-covered altar of Cheibriados.
   274 | D        | Found a burning altar of Makhleb.
   274 | D        | Found a hazy altar of Hepliaklqana.
   274 | D        | Found a shimmering altar of Xom.
   274 | D        | Found an opulent altar of Gozag.
   274 | D        | Found a sparkling altar of Nemelex Xobeh.
   274 | D        | Found a corrupted altar of Lugonu.
   274 | D        | Found a viscous altar of Jiyva.
   312 | D        | Reached skill level 5 in Fighting
   312 | D        | Reached skill level 5 in Dodging
   380 | D        | Slain by a two-headed ogre

Table legend: (Time is in decaauts)
 A = Elapsed time spent in this place.
 B = Non-inter-level travel time spent in this place.
 C = Inter-level travel time spent in this place.
 D = Time resting spent in this place.
 E = Time spent auto-exploring this place.
 F = Levels seen in this place.
 G = Mean time per level.
                   A        B        C        D        E       F      G
               +--------+--------+--------+--------+--------+-----+--------+
         Total |    377 |    377 |      0 |    112 |     57 |   1 |  377.0 |
       Dungeon |    377 |    377 |      0 |    112 |     57 |   1 |  377.0 |
               +--------+--------+--------+--------+--------+-----+--------+

Top non-repeatable levels by time:
       D: 377 daAuts

Table legend:
 A = Kills in this place as a percentage of kills in entire the game.
 B = Kills by you in this place as a percentage of kills by you in the entire game.
 C = Kills by friends in this place as a percentage of kills by friends in the entire game.
 D = Other kills in this place as a percentage of other kills in the entire game.
 E = Experience gained in this place as a percentage of experience gained in the entire game.
 F = Experience gained in this place divided by the number of levels of this place that you have seen.
                   A       B       C       D       E      F
               +-------+-------+-------+-------+-------+----------------------
         Total | 100.0 | 100.0 | 100.0 |   N/A | 100.0 | 2009.0
       Dungeon | 100.0 | 100.0 | 100.0 |   N/A | 100.0 | 2009.0
               +-------+-------+-------+-------+-------+----------------------

Action                   |  1- 3 |  4- 6 |  7- 9 || total
-------------------------+-------+-------+-------++-------
Melee: Hand axe          |    10 |       |       ||    10
       Club              |    20 |    13 |    46 ||    79
Invok: Berserk           |     1 |       |       ||     1
       Brothers in Arms  |       |       |     1 ||     1
  Use: Potion            |     1 |       |       ||     1
       Scroll            |       |       |     4 ||     4
 Stab: Sleeping          |     1 |       |     1 ||     2
Armor: Animal skin       |     3 |       |     4 ||     7
Dodge: Dodged            |    14 |     5 |    16 ||    35

Vanquished Creatures
  A deep elf pyromancer (D)
  A shadow (D)
  A spatial vortex (D)
  A necrophage (D)
  A two-headed ogre (D)
  A scorpion (D)
  A water elemental (D)
  A jelly (D)
  Jessica (D)
  A wizard (D)
  A necromancer (D)
  3 humans (D)
  A kobold demonologist (D)
  3 rats (D)
18 creatures vanquished.

Vanquished Creatures (collateral kills)
  A two-headed ogre (D)
1 creature vanquished.

Grand Total: 19 creatures vanquished
